EL
MIDLAND ROCKHOUNDS @ NEW HAMPSHIRE FISHER CATS
04/10/2044
 
TOP OF THE 1ST
Midland RockHounds batting - Pitching for New Hampshire Fisher Cats : RHP Niclas Boman
Pitching: RHP Niclas Boman
Batting: RHB Willie de los Santos 0-0: Ball
1-0: Ball
2-0: Foul Ball, location: 2F
2-1: Foul Ball, location: 2F
2-2: Strikes out swinging
Batting: RHB Mario Ramos 0-0: Called Strike
0-1: Ball
1-1: Ball
2-1: Called Strike
2-2: Ground out 5-3 (Groundball, 56, EV 107.5 MPH)
Batting: RHB Jorge Bernal 0-0: Ball
1-0: Called Strike
1-1: Ball
2-1: DOUBLE (Line Drive, 9LD, EV 107.5 MPH)
Batting: LHB Tom Raupp 0-0: Ball
1-0: Ball
2-0: Called Strike
2-1: Ball
3-1: Foul Ball, location: 2F
3-2: Strikes out looking
Top of the 1st over - 0 runs, 1 hit, 0 errors, 1 left on base; Midland 0 - New Hampshire 0
BOTTOM OF THE 1ST
New Hampshire Fisher Cats batting - Pitching for Midland RockHounds : RHP Lee Ott
Pitching: RHP Lee Ott
Batting: LHB Ray Whitehead 0-0: Called Strike
0-1: Swinging Strike
0-2: Ball
1-2: Strikes out looking
Batting: LHB Jose Bregaro 0-0: Ball
1-0: Swinging Strike
1-1: Swinging Strike
1-2: SOLO HOME RUN (Flyball, 9D, EV 106.3 MPH), Distance : 419 ft
Batting: SHB Eduardo Maldonado 0-0: Swinging Strike
0-1: Ball
1-1: Ball
2-1: Foul Ball, location: 2F
2-2: Strikes out looking
Batting: RHB Donny Burnside 0-0: Ground out 5-3 (Groundball, 5S, EV 72.5 MPH)
Bottom of the 1st over - 1 run, 1 hit, 0 errors, 0 left on base; Midland 0 - New Hampshire 1
TOP OF THE 2ND
Midland RockHounds batting - Pitching for New Hampshire Fisher Cats : RHP Niclas Boman
Batting: RHB Chris Montgomery 0-0: Ball
1-0: Ball
2-0: Foul Ball, location: 2F
2-1: Ground out 4-3 (Groundball, 4, EV 89.4 MPH)
Batting: SHB John Cummings 0-0: Ball
1-0: Foul Ball, location: 2F
1-1: Ball
2-1: Foul Ball, location: 2F
2-2: Strikes out swinging
Batting: SHB Quincy Bradford 0-0: Swinging Strike
0-1: Foul Ball, location: 2F
0-2: Strikes out looking
Top of the 2nd over - 0 runs, 0 hits, 0 errors, 0 left on base; Midland 0 - New Hampshire 1
BOTTOM OF THE 2ND
New Hampshire Fisher Cats batting - Pitching for Midland RockHounds : RHP Lee Ott
Batting: RHB Lee McKay 0-0: Ball
1-0: Called Strike
1-1: Ground out 4-3 (Groundball, 4, EV 76.3 MPH)
Batting: RHB Nikita Schram 0-0: Called Strike
0-1: Ground out 5-3 (Groundball, 5S, EV 66.3 MPH)
Batting: LHB Rodrigo Briceno 0-0: Ball
1-0: Called Strike
1-1: SINGLE (Line Drive, 78S, EV 89.4 MPH)
Batting: RHB Jorge Baret 0-0: Fly out, F9 (Flyball, 9LM, EV 106.9 MPH)
Bottom of the 2nd over - 0 runs, 1 hit, 0 errors, 1 left on base; Midland 0 - New Hampshire 1
TOP OF THE 3RD
Midland RockHounds batting - Pitching for New Hampshire Fisher Cats : RHP Niclas Boman
Batting: RHB Zack DiCicco 0-0: Called Strike
0-1: Ground out 6-3 (Groundball, 6, EV 86.3 MPH)
Batting: RHB Edgar Landim 0-0: Ball
1-0: Ball
2-0: Ball
3-0: Called Strike
3-1: Swinging Strike
3-2: Ground out 6-3 (Groundball, 6, EV 76.3 MPH)
Batting: RHB Willie de los Santos 0-0: Foul Ball, location: 2F
0-1: Called Strike
0-2: Ball
1-2: Ball
2-2: TRIPLE (Line Drive, 89XD, EV 101.9 MPH)
Batting: RHB Mario Ramos 0-0: Ball
1-0: Foul Ball, location: 2F
1-1: Ground out 6-3 (Groundball, 6, EV 78.8 MPH)
Top of the 3rd over - 0 runs, 1 hit, 0 errors, 1 left on base; Midland 0 - New Hampshire 1
BOTTOM OF THE 3RD
New Hampshire Fisher Cats batting - Pitching for Midland RockHounds : RHP Lee Ott
Batting: RHB Cyril Husson 0-0: Called Strike
0-1: Swinging Strike
0-2: Foul Ball, location: 2F
0-2: Ball
1-2: Fly out, F4 (Line Drive, 4, EV 66.3 MPH)
Batting: LHB Ray Whitehead 0-0: Ball
1-0: Swinging Strike
1-1: SINGLE (Groundball, 4MD, EV 103.1 MPH)
Batting: LHB Jose Bregaro 0-0: Called Strike
0-1: Ball
Ray Whitehead steals 2nd base (no throw)
1-1: Ball
2-1: SINGLE (Groundball, 3S, EV 65.0 MPH) (infield hit)
Ray Whitehead to third
Batting: SHB Eduardo Maldonado 0-0: Foul Ball, location: 2F
0-1: Called Strike
Jose Bregaro steals 2nd base (no throw)
0-2: Ball
1-2: Foul Ball, location: 2F
1-2: Ball
2-2: Foul Ball, location: 2F
2-2: Ball
3-2: SINGLE (Groundball, 6MD, EV 98.1 MPH)
Ray Whitehead scores
Jose Bregaro to third
Batting: RHB Donny Burnside 0-0: Called Strike
0-1: Ball
1-1: Ball
2-1: Called Strike
2-2: Fly out, F8 (Line Drive, 8RM, EV 91.3 MPH)
Runner from 3rd tags up, SCORES, no throw by CF
Batting: RHB Lee McKay 0-0: Called Strike
0-1: Foul Ball, location: 2F
0-2: Ball
1-2: Fly out, F8 (Flyball, 8RM, EV 90.0 MPH)
Bottom of the 3rd over - 2 runs, 3 hits, 0 errors, 1 left on base; Midland 0 - New Hampshire 3
TOP OF THE 4TH
Midland RockHounds batting - Pitching for New Hampshire Fisher Cats : RHP Niclas Boman
Batting: RHB Jorge Bernal 0-0: Ball
1-0: Foul Ball, location: 2F
1-1: Ground out 1-3 (Groundball, 13S, EV 73.8 MPH)
Batting: LHB Tom Raupp 0-0: Ball
1-0: Ground out 5-3 (Groundball, 56, EV 103.1 MPH)
Batting: RHB Chris Montgomery 0-0: Called Strike
0-1: Ground out 6-3 (Groundball, 6, EV 98.1 MPH)
Top of the 4th over - 0 runs, 0 hits, 0 errors, 0 left on base; Midland 0 - New Hampshire 3
BOTTOM OF THE 4TH
New Hampshire Fisher Cats batting - Pitching for Midland RockHounds : RHP Lee Ott
Batting: RHB Nikita Schram 0-0: Ball
1-0: Called Strike
1-1: Called Strike
1-2: Foul Ball, location: 2F
1-2: SINGLE (Line Drive, 89S, EV 95.0 MPH)
Batting: LHB Rodrigo Briceno 0-0: Ball
1-0: Called Strike
1-1: Ball
2-1: Ball
3-1: Foul Ball, location: 2F
3-2: Foul Ball, location: 2F
3-2: Grounds into double play, 3-6-3 (Groundball, 13, EV 85.6 MPH)
Batting: RHB Jorge Baret 0-0: Ball
1-0: Foul Ball, location: 2F
1-1: Ball
2-1: Ball
3-1: SINGLE (Flyball, 7LS, EV 90.6 MPH)
Pitching: LHP Jin-ho Koo
Batting: RHB Cyril Husson 0-0: Ball
Jorge Baret steals 2nd base
1-0: Called Strike
1-1: Foul Ball, location: 2F
1-2: Foul Ball, location: 2F
1-2: Foul Ball, location: 2F
1-2: Ground out 4-3 (Groundball, 4, EV 88.8 MPH)
Bottom of the 4th over - 0 runs, 2 hits, 0 errors, 1 left on base; Midland 0 - New Hampshire 3
TOP OF THE 5TH
Midland RockHounds batting - Pitching for New Hampshire Fisher Cats : RHP Niclas Boman
Batting: SHB John Cummings 0-0: Ball
1-0: Called Strike
1-1: Ball
2-1: Ball
3-1: Base on Balls
Batting: SHB Quincy Bradford 0-0: Ball
1-0: Called Strike
1-1: Fly out, F9 (Flyball, 9, EV 86.9 MPH)
Batting: RHB Zack DiCicco 0-0: Ball
1-0: Foul Ball, location: 2F
1-1: Fielders Choice at 2nd, 3-6 (Groundball, 3S, EV 80.6 MPH)
Batting: RHB Edgar Landim 0-0: Called Strike
Zack DiCicco is caught stealing 2nd base 2-4
Top of the 5th over - 0 runs, 0 hits, 0 errors, 0 left on base; Midland 0 - New Hampshire 3
BOTTOM OF THE 5TH
New Hampshire Fisher Cats batting - Pitching for Midland RockHounds : LHP Jin-ho Koo
Batting: LHB Ray Whitehead 0-0: Ball
1-0: Ball
2-0: Fly out, F6 (Popup, 6, EV 67.5 MPH)
Batting: LHB Jose Bregaro 0-0: DOUBLE (Line Drive, 8RXD, EV 111.9 MPH)
Batting: SHB Eduardo Maldonado 0-0: Ball
1-0: DOUBLE (Flyball, 89D, EV 91.3 MPH)
Jose Bregaro scores
Batting: RHB Donny Burnside 0-0: Ball
1-0: Ball
2-0: Called Strike
2-1: Ball
3-1: Fly out, F7 (Flyball, 8LS, EV 90.0 MPH)
Batting: RHB Lee McKay 0-0: Ball
1-0: Foul Ball, location: 2F
1-1: SINGLE (Groundball, 4MD, EV 95.6 MPH)
Eduardo Maldonado to third
Runner from 3rd tries for Home, SAFE, throw by CF to home
Lee McKay to second
Batting: RHB Nikita Schram 0-0: Ball
Wild Pitch!
Lee McKay to third
1-0: Foul Ball, location: 2F
1-1: SINGLE (Flyball, 3D, EV 96.9 MPH)
Lee McKay scores
Pitching: RHP Ace Gaskins
Batting: LHB Rodrigo Briceno 0-0: Ball
Nikita Schram steals 2nd base (no throw)
1-0: Called Strike
1-1: Ball
2-1: Ball
3-1: Called Strike
3-2: SINGLE (Line Drive, 4D, EV 96.9 MPH)
Nikita Schram to third
Runner from 3rd tries for Home, SAFE, throw by RF to home
Batting: RHB Jorge Baret 0-0: Ball
1-0: Called Strike
1-1: Ball
2-1: Ball
3-1: Foul Ball, location: 2F
3-2: Foul Ball, location: 2F
3-2: Ground out 6-3 (Groundball, 6MD, EV 88.1 MPH)
Bottom of the 5th over - 4 runs, 5 hits, 0 errors, 1 left on base; Midland 0 - New Hampshire 7
TOP OF THE 6TH
Midland RockHounds batting - Pitching for New Hampshire Fisher Cats : RHP Niclas Boman
Batting: RHB Edgar Landim 0-0: Ball
1-0: Ground out 3-1 (Groundball, 34, EV 109.4 MPH)
Batting: RHB Willie de los Santos 0-0: Called Strike
0-1: Ball
1-1: Swinging Strike
1-2: Foul Ball, location: 2F
1-2: Strikes out swinging
Batting: RHB Mario Ramos 0-0: Swinging Strike
0-1: Called Strike
0-2: Ground out 4-3 (Groundball, 4MS, EV 83.8 MPH)
Top of the 6th over - 0 runs, 0 hits, 0 errors, 0 left on base; Midland 0 - New Hampshire 7
BOTTOM OF THE 6TH
New Hampshire Fisher Cats batting - Pitching for Midland RockHounds : RHP Ace Gaskins
Batting: RHB Cyril Husson 0-0: Foul Ball, location: 2F
0-1: Ground out 5-3 (Groundball, 56, EV 78.8 MPH)
Batting: LHB Ray Whitehead 0-0: Ball
1-0: Foul Ball, location: 2F
1-1: Swinging Strike
1-2: Ball
2-2: Strikes out swinging
Batting: LHB Jose Bregaro 0-0: Ball
1-0: Called Strike
1-1: Ground out U3 (Groundball, 3L, EV 87.5 MPH)
Bottom of the 6th over - 0 runs, 0 hits, 0 errors, 0 left on base; Midland 0 - New Hampshire 7
TOP OF THE 7TH
Midland RockHounds batting - Pitching for New Hampshire Fisher Cats : RHP Niclas Boman
Batting: RHB Jorge Bernal 0-0: Ball
1-0: Ball
2-0: Fly out, F8 (Flyball, 8LD, EV 96.9 MPH)
Batting: LHB Tom Raupp 0-0: Called Strike
0-1: Ball
1-1: Ball
2-1: Foul Ball, location: 2F
2-2: Ground out 4-3 (Groundball, 4, EV 110.0 MPH)
Batting: RHB Chris Montgomery 0-0: Foul Ball, location: 2F
0-1: DOUBLE (Flyball, 78XD, EV 103.8 MPH) - OUT at third base trying to stretch hit.
Top of the 7th over - 0 runs, 1 hit, 0 errors, 0 left on base; Midland 0 - New Hampshire 7
BOTTOM OF THE 7TH
New Hampshire Fisher Cats batting - Pitching for Midland RockHounds : RHP Ace Gaskins
Pitching: RHP Roberto Montoya
Batting: SHB Eduardo Maldonado 0-0: Ball
1-0: Foul Ball, location: 2F
1-1: Swinging Strike
1-2: Ball
2-2: DOUBLE (Line Drive, 7LS, EV 103.1 MPH)
Batting: RHB Donny Burnside 0-0: Called Strike
0-1: Ball
1-1: Ball
2-1: Called Strike
2-2: Ball
3-2: DOUBLE (Flyball, 8RXD, EV 96.3 MPH)
Eduardo Maldonado scores
Batting: RHB Lee McKay 0-0: Ball
1-0: Foul Ball, location: 2F
1-1: Hit by Pitch
Batting: RHB Nikita Schram 0-0: Ball
1-0: Called Strike
1-1: Foul Ball, location: 2F
1-2: Ball
2-2: Foul Ball, location: 2F
2-2: Strikes out looking
Batting: LHB Rodrigo Briceno 0-0: Foul Ball, location: 2F
0-1: Ball
1-1: SINGLE (Groundball, 4MD, EV 95.0 MPH)
Donny Burnside to third
Lee McKay to second
Runner from 3rd tries for Home, SAFE, throw by CF to home
Batting: RHB Jorge Baret 0-0: Ball
1-0: Ball
2-0: Called Strike
2-1: Fly out, F9 (Flyball, 89M, EV 74.4 MPH)
Batting: RHB Cyril Husson 0-0: Called Strike
0-1: Fly out, F7 (Flyball, 7, EV 92.5 MPH)
Bottom of the 7th over - 2 runs, 3 hits, 0 errors, 2 left on base; Midland 0 - New Hampshire 9
TOP OF THE 8TH
Midland RockHounds batting - Pitching for New Hampshire Fisher Cats : RHP Niclas Boman
Batting: SHB John Cummings 0-0: Ground out 5-3 (Groundball, 5, EV 84.4 MPH)
Batting: SHB Quincy Bradford 0-0: Ball
1-0: Ball
2-0: DOUBLE (Line Drive, 89D, EV 110.0 MPH)
Batting: RHB Zack DiCicco 0-0: Ground out 6-3 (Groundball, 56, EV 79.4 MPH)
Batting: RHB Edgar Landim 0-0: Ball
1-0: Foul Ball, location: 2F
1-1: Called Strike
1-2: Hit by Pitch
Batting: RHB Willie de los Santos 0-0: Ball
1-0: Called Strike
1-1: Ball
2-1: Swinging Strike
2-2: Ball
3-2: Foul Ball, location: 2F
3-2: Strikes out swinging
Top of the 8th over - 0 runs, 1 hit, 0 errors, 2 left on base; Midland 0 - New Hampshire 9
BOTTOM OF THE 8TH
New Hampshire Fisher Cats batting - Pitching for Midland RockHounds : RHP Roberto Montoya
Batting: LHB Ray Whitehead 0-0: Ball
1-0: Ball
2-0: Foul Ball, location: 2F
2-1: Foul Ball, location: 2F
2-2: Ball
3-2: Ground out 4-3 (Groundball, 4, EV 78.1 MPH)
Batting: LHB Jose Bregaro 0-0: Called Strike
0-1: Ball
1-1: Swinging Strike
1-2: SINGLE (Groundball, 4M, EV 88.1 MPH) (infield hit)
Pitching: RHP Thomas Crowner
Batting: SHB Eduardo Maldonado 0-0: Foul Ball, location: 2F
0-1: 2-RUN HOME RUN (Flyball, 89XD, EV 105.0 MPH), Distance : 433 ft
Batting: RHB Donny Burnside 0-0: Ball
1-0: Foul Ball, location: 2F
1-1: Swinging Strike
1-2: Foul Ball, location: 2F
1-2: Ball
2-2: Strikes out swinging
Batting: RHB Lee McKay 0-0: Ball
1-0: Ball
2-0: Foul Ball, location: 2F
2-1: SOLO HOME RUN (Flyball, 7LD, EV 95.6 MPH), Distance : 362 ft
Batting: RHB Nikita Schram 0-0: Fly out, F8 (Flyball, 8RM, EV 90.0 MPH)
Bottom of the 8th over - 3 runs, 3 hits, 0 errors, 0 left on base; Midland 0 - New Hampshire 12
TOP OF THE 9TH
Midland RockHounds batting - Pitching for New Hampshire Fisher Cats : RHP Niclas Boman
Pitching: RHP Doug Seliger
Batting: RHB Mario Ramos 0-0: Ball
1-0: Ball
2-0: Ball
3-0: Base on Balls
Batting: RHB Jorge Bernal 0-0: SINGLE (Groundball, 5S, EV 61.3 MPH) (infield hit)
Mario Ramos to second
Batting: LHB Tom Raupp 0-0: Called Strike
0-1: Swinging Strike
0-2: Ball
1-2: Ball
2-2: Fielders Choice at 2nd, 1-6 (Groundball, 13S, EV 71.9 MPH)
Mario Ramos to third
Batting: RHB Chris Montgomery 0-0: Ball
1-0: Ball
2-0: Called Strike
2-1: Ball
3-1: Swinging Strike
3-2: Foul Ball, location: 2F
3-2: Strikes out swinging
Batting: SHB John Cummings 0-0: Ball
1-0: Ball
2-0: Ball
3-0: Base on Balls
Tom Raupp to second
Batting: SHB Quincy Bradford 0-0: Swinging Strike
0-1: Foul Ball, location: 2F
0-2: Ball
1-2: Foul Ball, location: 2F
1-2: Ball
2-2: Strikes out swinging
Top of the 9th over - 0 runs, 1 hit, 0 errors, 3 left on base; Midland 0 - New Hampshire 12
Thursday, March 31st , 2022 - OOTP Baseball 22.12 Build 89